[ AOE2 MATCH · #479303151 ]
UnrankedByzantines vs Malians
[ REPLAY ANALYSIS · EXTRACTED FROM THE RECORDED GAME ]
Feudal
12:08
Castle
15:49
Imperial
30:26
| APM avg | 24.3 |
| APM peak | 59 |
| eAPM avg | 15.0 |
| Villagers / military | 122 / 529 |
Focus
⚔️ 40.3% · 🌾 59.7%
Skirmisher ×262 · Spearman ×253 · Bombard Cannon ×7 · Unknown (882) ×5 · Battering Ram ×3 · Monk ×2
Feudal
10:56
Castle
14:32
Imperial
33:38
| APM avg | 52.3 |
| APM peak | 96 |
| eAPM avg | 33.2 |
| Villagers / military | 154 / 164 |
Focus
⚔️ 40.5% · 🌾 59.5%
Scout Cavalry ×74 · Spearman ×48 · Bombard Cannon ×23 · Genoese Crossbowman ×12 · Unknown (882) ×10 · Monk ×4
Feudal
11:02
Castle
15:22
Imperial
29:28
| APM avg | 21.8 |
| APM peak | 71 |
| eAPM avg | 16.9 |
| Villagers / military | 130 / 185 |
Focus
⚔️ 32.0% · 🌾 68.0%
Scorpion ×113 · Scout Cavalry ×70 · Trade Cart ×20 · Trebuchet (Packed) ×2
Feudal
10:29
Castle
16:47
Imperial
32:50
| APM avg | 19.0 |
| APM peak | 49 |
| eAPM avg | 14.7 |
| Villagers / military | 154 / 259 |
Focus
⚔️ 30.8% · 🌾 69.2%
Spearman ×201 · Skirmisher ×48 · Trebuchet (Packed) ×4 · Mangonel ×3 · Battering Ram ×2 · Kamayuk ×1
Feudal
11:32
Castle
15:28
Imperial
29:28
| APM avg | 27.1 |
| APM peak | 57 |
| eAPM avg | 18.0 |
| Villagers / military | 140 / 492 |
Focus
⚔️ 32.7% · 🌾 67.3%
Skirmisher ×349 · Camel Scout ×136 · Bombard Cannon ×4 · Knight ×3
Feudal
12:03
Castle
15:58
Imperial
31:13
| APM avg | 33.9 |
| APM peak | 78 |
| eAPM avg | 21.1 |
| Villagers / military | 205 / 310 |
Focus
⚔️ 27.1% · 🌾 72.9%
Scout Cavalry ×256 · Battle Elephant ×22 · Bombard Cannon ×18 · Battering Ram ×12 · Monk ×1 · Mangonel ×1
Feudal
12:46
Castle
16:23
Imperial
35:56
| APM avg | 22.7 |
| APM peak | 56 |
| eAPM avg | 13.2 |
| Villagers / military | 123 / 119 |
Focus
⚔️ 30.6% · 🌾 69.4%
Scout Cavalry ×44 · Camel Scout ×40 · Knight ×22 · Skirmisher ×12 · Monk ×1
Feudal
12:31
Castle
16:26
Imperial
29:23
| APM avg | 26.5 |
| APM peak | 68 |
| eAPM avg | 13.2 |
| Villagers / military | 184 / 188 |
Focus
⚔️ 32.0% · 🌾 68.0%
Skirmisher ×83 · Knight ×54 · Scout Cavalry ×43 · Trebuchet (Packed) ×4 · Petard ×2 · Bombard Cannon ×2
Match map
Initial resources + every placement click. Lines = walls · curves = elevation contours. ◆ gold · ⬟ stone · ● berries · ✦ relic · ◌ wall gap
Your base· ✓ Closed at 15:49 · 0t walls · 3 gate(s)
AXEL2904's base· ✓ Closed at 14:32 · 0t walls · 3 gate(s)
Transplante de Pentelho's base· ✓ Closed at 15:22 · 0t walls · 3 gate(s)
O Boêmio's base· ✓ Closed at 16:47 · 0t walls · 2 gate(s)
BRNSoloMid's base· ✓ Closed at 15:28 · 0t walls · 2 gate(s)
MAMA YAGA's base· ✓ Closed at 15:58 · 0t walls · 2 gate(s)
Phill Forest's base· ✓ Closed at 16:23 · 0t walls · 2 gate(s)
willms's base· ✓ Closed at 16:26 · 0t walls · 3 gate(s)
Smoothed initial terrain · ◌ = detected wall gap · hover for details
Inputs per minute
— Harmonizado - - AXEL2904
Build order — Harmonizado
First 150 of 443 actions detected
| 0:01 | Create | Villager (Male) |
| 0:01 | Create | Villager (Male) |
| 0:02 | Create | Villager (Male) |
| 0:03 | Build | House |
| 0:04 | Build | House |
| 0:21 | Create | Villager (Male) |
| 1:34 | Create | Villager (Male) |
| 1:56 | Build | Lumber Camp |
| 2:03 | Create | Villager (Male) |
| 2:24 | Create | Villager (Male) |
| 3:17 | Create | Villager (Male) |
| 3:18 | Create | Villager (Male) |
| 4:01 | Build | House |
| 4:05 | Build | House |
| 4:16 | Build | Mill |
| 4:25 | Create | Villager (Male) |
| 4:25 | Create | Villager (Male) |
| 4:54 | Create | Villager (Male) |
| 4:54 | Create | Villager (Male) |
| 5:09 | Create | Villager (Male) |
| 7:03 | Create | Villager (Male) |
| 7:03 | Create | Villager (Male) |
| 7:48 | Create | Villager (Male) |
| 7:48 | Create | Villager (Male) |
| 7:58 | Build | Mining Camp |
| 8:16 | Create | Villager (Male) |
| 8:16 | Create | Villager (Male) |
| 8:17 | Create | Villager (Male) |
| 8:58 | Research | Feudal Age |
| 9:14 | Build | Farm |
| 9:20 | Build | Farm |
| 9:22 | Build | Farm |
| 9:55 | Build | House |
| 10:57 | Create | Villager (Male) |
| 10:58 | Create | Villager (Male) |
| 12:08 | Age | Feudal Age |
| 12:14 | Build | Market |
| 12:21 | Build | Blacksmith |
| 13:09 | Research | Castle Age |
| 13:37 | Research | Double-Bit Axe |
| 13:38 | Research | Horse Collar |
| 13:44 | Create | Villager (Male) |
| 13:45 | Create | Villager (Male) |
| 13:46 | Create | Villager (Male) |
| 13:52 | Build | House |
| 14:36 | Build | Farm |
| 15:06 | Build | Farm |
| 15:49 | Age | Castle Age |
| 15:55 | Build | Monastery |
| 16:07 | Build | Town Center |
| 16:12 | Build | Town Center |
| 16:17 | Research | Heavy Plow |
| 16:21 | Research | Bow Saw |
| 16:39 | Create | Monk |
| 16:44 | Create | Monk |
| 16:57 | Build | House |
| 17:09 | Build | Farm |
| 17:15 | Build | Farm |
| 17:26 | Create | Villager (Male) |
| 17:26 | Create | Villager (Male) |
| 17:40 | Create | Villager (Male) |
| 17:40 | Create | Villager (Male) |
| 17:41 | Create | Villager (Male) |
| 18:00 | Create | Villager (Male) |
| 18:11 | Build | Farm |
| 18:11 | Build | Farm |
| 18:11 | Build | Farm |
| 18:12 | Build | Farm |
| 18:20 | Build | Farm |
| 18:20 | Build | Farm |
| 18:26 | Build | Farm |
| 18:29 | Build | Farm |
| 18:32 | Create | Villager (Male) |
| 18:43 | Create | Villager (Male) |
| 18:56 | Build | Mining Camp |
| 19:26 | Build | Farm |
| 19:29 | Create | Villager (Male) |
| 19:29 | Create | Villager (Male) |
| 19:29 | Create | Villager (Male) |
| 19:30 | Create | Villager (Male) |
| 19:40 | Create | Villager (Male) |
| 19:50 | Create | Villager (Male) |
| 19:56 | Create | Villager (Male) |
| 20:04 | Build | Farm |
| 20:11 | Build | Farm |
| 20:12 | Build | Farm |
| 20:12 | Build | Farm |
| 20:12 | Build | Farm |
| 20:14 | Create | Villager (Male) |
| 20:14 | Create | Villager (Male) |
| 20:20 | Build | Farm |
| 20:20 | Build | Farm |
| 20:21 | Build | Farm |
| 20:21 | Build | Farm |
| 20:28 | Create | Villager (Male) |
| 20:28 | Create | Villager (Male) |
| 20:29 | Create | Villager (Male) |
| 20:36 | Build | House |
| 20:43 | Build | House |
| 20:46 | Build | House |
| 20:52 | Create | Villager (Male) |
| 20:52 | Create | Villager (Male) |
| 21:01 | Build | Farm |
| 21:04 | Build | Farm |
| 21:20 | Build | Farm |
| 21:23 | Create | Villager (Male) |
| 21:25 | Research | Wheelbarrow |
| 21:26 | Create | Villager (Male) |
| 21:36 | Create | Villager (Male) |
| 21:45 | Create | Villager (Male) |
| 21:51 | Build | House |
| 22:00 | Build | House |
| 22:01 | Build | House |
| 22:02 | Build | House |
| 22:05 | Build | House |
| 22:07 | Build | House |
| 22:11 | Create | Villager (Male) |
| 22:11 | Create | Villager (Male) |
| 22:12 | Create | Villager (Male) |
| 22:12 | Create | Villager (Male) |
| 22:18 | Build | Town Center |
| 22:22 | Create | Villager (Male) |
| 22:23 | Create | Villager (Male) |
| 22:23 | Create | Villager (Male) |
| 22:49 | Build | Siege Workshop |
| 22:52 | Create | Villager (Male) |
| 22:52 | Create | Villager (Male) |
| 22:52 | Create | Villager (Male) |
| 23:05 | Create | Villager (Male) |
| 23:05 | Create | Villager (Male) |
| 23:23 | Research | Hand Cart |
| 23:31 | Build | House |
| 23:34 | Create | Villager (Male) |
| 23:35 | Create | Villager (Male) |
| 23:58 | Create | Villager (Male) |
| 23:59 | Create | Villager (Male) |
| 24:45 | Create | Villager (Male) |
| 24:46 | Create | Villager (Male) |
| 24:46 | Create | Villager (Male) |
| 24:46 | Create | Villager (Male) |
| 24:47 | Create | Villager (Male) |
| 24:47 | Create | Villager (Male) |
| 24:57 | Create | Villager (Male) |
| 24:57 | Create | Villager (Male) |
| 24:58 | Create | Villager (Male) |
| 24:58 | Create | Villager (Male) |
| 25:08 | Create | Villager (Male) |
| 25:08 | Create | Villager (Male) |
| 25:09 | Create | Villager (Male) |
| 25:21 | Build | Barracks |
Build order — AXEL2904
First 150 of 506 actions detected
| 0:00 | Create | Villager (Male) |
| 0:01 | Create | Villager (Male) |
| 0:02 | Build | House |
| 0:02 | Create | Villager (Male) |
| 0:03 | Build | House |
| 0:30 | Create | Villager (Male) |
| 1:10 | Create | Villager (Male) |
| 1:37 | Create | Villager (Male) |
| 2:23 | Build | Lumber Camp |
| 2:27 | Create | Villager (Male) |
| 2:41 | Create | Villager (Male) |
| 2:58 | Create | Villager (Male) |
| 2:58 | Create | Villager (Male) |
| 3:14 | Create | Villager (Male) |
| 3:57 | Create | Villager (Male) |
| 4:05 | Build | House |
| 4:15 | Create | Villager (Male) |
| 4:20 | Build | Mill |
| 4:36 | Create | Villager (Male) |
| 5:16 | Create | Villager (Male) |
| 5:24 | Create | Villager (Male) |
| 5:43 | Create | Villager (Male) |
| 5:55 | Create | Villager (Male) |
| 6:08 | Build | House |
| 6:49 | Create | Villager (Male) |
| 7:15 | Build | Farm |
| 7:17 | Build | Farm |
| 7:20 | Create | Villager (Male) |
| 7:37 | Create | Villager (Male) |
| 7:39 | Build | Mining Camp |
| 8:03 | Create | Villager (Male) |
| 8:29 | Research | Feudal Age |
| 10:13 | Create | Villager (Male) |
| 10:14 | Create | Villager (Male) |
| 10:17 | Build | House |
| 10:56 | Age | Feudal Age |
| 10:59 | Build | Market |
| 11:05 | Build | Blacksmith |
| 11:38 | Research | Double-Bit Axe |
| 11:42 | Research | Horse Collar |
| 11:52 | Research | Castle Age |
| 12:21 | Build | Mining Camp |
| 12:50 | Research | Stone Mining |
| 13:43 | Create | Villager (Male) |
| 13:43 | Create | Villager (Male) |
| 13:58 | Research | Gold Mining |
| 14:04 | Build | Farm |
| 14:06 | Build | Farm |
| 14:28 | Build | Farm |
| 14:30 | Build | Farm |
| 14:32 | Age | Castle Age |
| 14:33 | Create | Villager (Male) |
| 14:56 | Build | Siege Workshop |
| 15:08 | Build | Castle |
| 15:18 | Build | Farm |
| 15:22 | Build | House |
| 15:26 | Create | Villager (Male) |
| 15:48 | Create | Villager (Male) |
| 15:58 | Create | Villager (Male) |
| 16:13 | Build | Monastery |
| 16:21 | Create | Villager (Male) |
| 16:38 | Create | Genoese Crossbowman |
| 16:39 | Create | Genoese Crossbowman |
| 16:39 | Create | Genoese Crossbowman |
| 16:55 | Create | Villager (Male) |
| 17:02 | Create | Monk |
| 17:18 | Create | Villager (Male) |
| 17:21 | Create | Genoese Crossbowman |
| 17:22 | Create | Genoese Crossbowman |
| 17:26 | Create | Villager (Male) |
| 17:36 | Create | Genoese Crossbowman |
| 17:44 | Create | Villager (Male) |
| 17:47 | Build | Farm |
| 17:48 | Build | Farm |
| 18:05 | Create | Genoese Crossbowman |
| 18:17 | Build | Farm |
| 18:18 | Create | Villager (Male) |
| 18:19 | Create | Genoese Crossbowman |
| 18:23 | Create | Unit 1105 |
| 18:27 | Create | Villager (Male) |
| 18:41 | Create | Genoese Crossbowman |
| 18:41 | Create | Genoese Crossbowman |
| 18:49 | Build | Farm |
| 18:55 | Build | Farm |
| 18:56 | Build | Farm |
| 18:56 | Build | Farm |
| 18:56 | Build | Farm |
| 18:56 | Build | Farm |
| 18:57 | Create | Villager (Male) |
| 19:13 | Research | Fletching |
| 19:13 | Research | Fletching |
| 19:17 | Create | Genoese Crossbowman |
| 19:27 | Build | House |
| 19:30 | Build | Farm |
| 19:35 | Create | Genoese Crossbowman |
| 19:43 | Create | Villager (Male) |
| 19:48 | Build | Farm |
| 19:49 | Create | Villager (Male) |
| 19:51 | Build | House |
| 20:01 | Create | Villager (Male) |
| 20:33 | Build | Farm |
| 20:34 | Create | Villager (Male) |
| 20:36 | Create | Monk |
| 20:44 | Research | Padded Archer Armor |
| 21:02 | Create | Villager (Male) |
| 21:06 | Build | Farm |
| 21:06 | Build | Farm |
| 21:06 | Build | Farm |
| 21:06 | Build | Farm |
| 21:07 | Create | Villager (Male) |
| 21:29 | Create | Villager (Male) |
| 21:42 | Create | Monk |
| 21:55 | Research | Bodkin Arrow |
| 22:03 | Build | Farm |
| 22:09 | Create | Villager (Male) |
| 22:17 | Build | Farm |
| 22:46 | Create | Villager (Male) |
| 22:50 | Create | Villager (Male) |
| 22:53 | Build | Town Center |
| 23:06 | Create | Villager (Male) |
| 23:19 | Research | Leather Archer Armor |
| 23:21 | Create | Villager (Male) |
| 23:24 | Create | Monk |
| 23:25 | Create | Villager (Male) |
| 23:52 | Build | House |
| 23:53 | Create | Petard |
| 23:53 | Create | Petard |
| 24:17 | Create | Villager (Male) |
| 24:33 | Create | Villager (Male) |
| 24:49 | Create | Villager (Male) |
| 24:52 | Build | House |
| 24:54 | Create | Villager (Male) |
| 24:54 | Create | Villager (Male) |
| 24:56 | Build | Farm |
| 24:56 | Build | Farm |
| 24:56 | Create | Villager (Male) |
| 25:05 | Build | Town Center |
| 25:18 | Build | Farm |
| 25:18 | Create | Villager (Male) |
| 25:22 | Create | Villager (Male) |
| 25:40 | Research | Wheelbarrow |
| 25:43 | Build | Farm |
| 25:43 | Create | Villager (Male) |
| 25:47 | Build | House |
| 26:19 | Create | Villager (Male) |
| 26:22 | Build | Farm |
| 26:23 | Create | Villager (Male) |
| 26:25 | Create | Villager (Male) |
| 26:25 | Create | Villager (Male) |
| 26:26 | Create | Villager (Male) |
Build order — Transplante de Pentelho
First 150 of 450 actions detected
| 0:06 | Create | Villager (Male) |
| 0:07 | Create | Villager (Male) |
| 0:08 | Build | House |
| 0:10 | Build | House |
| 0:23 | Create | Villager (Male) |
| 0:23 | Create | Villager (Male) |
| 1:31 | Create | Villager (Male) |
| 1:53 | Build | Lumber Camp |
| 1:56 | Create | Villager (Male) |
| 2:24 | Create | Villager (Male) |
| 2:38 | Create | Villager (Male) |
| 3:04 | Create | Villager (Male) |
| 3:07 | Build | House |
| 3:40 | Create | Villager (Male) |
| 4:00 | Create | Villager (Male) |
| 4:12 | Create | Villager (Male) |
| 4:47 | Build | Mill |
| 5:01 | Create | Villager (Male) |
| 5:15 | Create | Villager (Male) |
| 5:16 | Create | Villager (Male) |
| 5:32 | Create | Villager (Male) |
| 5:37 | Build | House |
| 5:38 | Build | House |
| 5:44 | Create | Villager (Male) |
| 6:04 | Create | Villager (Male) |
| 6:40 | Create | Villager (Male) |
| 6:54 | Create | Villager (Male) |
| 6:59 | Build | Mill |
| 7:48 | Build | Farm |
| 8:20 | Build | Farm |
| 8:25 | Create | Villager (Male) |
| 8:49 | Research | Feudal Age |
| 9:59 | Build | Mining Camp |
| 10:18 | Build | Farm |
| 10:33 | Create | Villager (Male) |
| 10:33 | Create | Villager (Male) |
| 11:02 | Age | Feudal Age |
| 11:06 | Create | Villager (Male) |
| 11:07 | Create | Villager (Male) |
| 11:14 | Build | Farm |
| 11:16 | Build | Farm |
| 11:34 | Build | Farm |
| 11:37 | Build | Farm |
| 11:59 | Build | Farm |
| 12:22 | Research | Castle Age |
| 12:41 | Build | House |
| 12:43 | Build | House |
| 12:48 | Research | Double-Bit Axe |
| 12:53 | Research | Horse Collar |
| 14:40 | Create | Villager (Male) |
| 14:40 | Create | Villager (Male) |
| 15:22 | Age | Castle Age |
| 15:24 | Build | Town Center |
| 15:30 | Build | Town Center |
| 15:34 | Create | Villager (Male) |
| 15:39 | Build | Mining Camp |
| 16:17 | Create | Villager (Male) |
| 16:46 | Create | Villager (Male) |
| 16:50 | Create | Villager (Male) |
| 16:53 | Create | Villager (Male) |
| 16:54 | Create | Villager (Male) |
| 16:56 | Create | Villager (Male) |
| 16:59 | Create | Villager (Male) |
| 17:08 | Create | Villager (Male) |
| 17:08 | Create | Villager (Male) |
| 17:18 | Build | Market |
| 17:24 | Research | Wheelbarrow |
| 17:24 | Create | Villager (Male) |
| 17:25 | Create | Villager (Male) |
| 17:30 | Build | Farm |
| 17:35 | Build | Farm |
| 17:38 | Build | Farm |
| 17:41 | Create | Villager (Male) |
| 17:41 | Create | Villager (Male) |
| 17:45 | Create | Villager (Male) |
| 17:45 | Create | Villager (Male) |
| 17:54 | Build | Farm |
| 18:08 | Research | Loom |
| 18:09 | Create | Villager (Male) |
| 18:14 | Build | Outpost |
| 18:18 | Build | Outpost |
| 18:22 | Build | House |
| 18:24 | Create | Villager (Male) |
| 18:29 | Build | Farm |
| 18:33 | Build | Farm |
| 18:39 | Create | Villager (Male) |
| 18:46 | Build | Farm |
| 18:55 | Build | House |
| 18:56 | Build | House |
| 18:57 | Build | House |
| 18:59 | Create | Villager (Male) |
| 19:07 | Build | Farm |
| 19:10 | Build | Farm |
| 19:15 | Build | Farm |
| 19:22 | Create | Villager (Male) |
| 19:26 | Build | Farm |
| 19:31 | Create | Villager (Male) |
| 19:34 | Create | Villager (Male) |
| 19:45 | Create | Villager (Male) |
| 19:49 | Build | Farm |
| 19:53 | Create | Villager (Male) |
| 20:16 | Build | Town Center |
| 20:19 | Create | Villager (Male) |
| 20:24 | Create | Villager (Male) |
| 20:25 | Create | Villager (Male) |
| 20:27 | Build | House |
| 20:28 | Build | House |
| 20:35 | Create | Villager (Male) |
| 20:39 | Create | Villager (Male) |
| 20:52 | Create | Villager (Male) |
| 20:56 | Build | House |
| 20:57 | Build | House |
| 21:00 | Build | House |
| 21:01 | Build | House |
| 21:03 | Create | Villager (Male) |
| 21:09 | Create | Villager (Male) |
| 21:09 | Create | Villager (Male) |
| 21:09 | Create | Villager (Male) |
| 21:14 | Build | Farm |
| 21:26 | Research | Hand Cart |
| 21:36 | Create | Villager (Male) |
| 21:40 | Create | Villager (Male) |
| 21:40 | Create | Villager (Male) |
| 21:49 | Create | Villager (Male) |
| 21:50 | Create | Villager (Male) |
| 22:07 | Create | Villager (Male) |
| 22:15 | Build | Farm |
| 22:15 | Build | Farm |
| 22:21 | Build | Farm |
| 22:21 | Build | Farm |
| 22:23 | Build | Farm |
| 22:25 | Create | Villager (Male) |
| 22:25 | Create | Villager (Male) |
| 22:27 | Build | House |
| 22:31 | Build | House |
| 22:32 | Build | House |
| 22:35 | Create | Villager (Male) |
| 22:35 | Create | Villager (Male) |
| 22:39 | Build | Farm |
| 22:46 | Research | Heavy Plow |
| 22:58 | Create | Villager (Male) |
| 23:04 | Build | House |
| 23:06 | Build | House |
| 23:09 | Build | Castle |
| 23:23 | Create | Villager (Male) |
| 23:23 | Create | Villager (Male) |
| 23:23 | Create | Villager (Male) |
| 23:24 | Create | Villager (Male) |
| 23:24 | Create | Villager (Male) |
| 23:24 | Create | Villager (Male) |
Build order — O Boêmio
First 150 of 372 actions detected
| 0:02 | Create | Villager (Male) |
| 0:02 | Create | Villager (Male) |
| 0:02 | Create | Villager (Male) |
| 0:02 | Create | Villager (Male) |
| 0:03 | Build | House |
| 0:05 | Build | House |
| 1:41 | Create | Villager (Male) |
| 1:59 | Build | Settlement |
| 2:01 | Create | Villager (Male) |
| 2:18 | Create | Villager (Male) |
| 3:14 | Create | Villager (Male) |
| 3:14 | Create | Villager (Male) |
| 3:14 | Create | Villager (Male) |
| 4:24 | Create | Villager (Male) |
| 4:24 | Create | Villager (Male) |
| 4:32 | Build | Settlement |
| 4:46 | Create | Villager (Male) |
| 4:48 | Create | Villager (Male) |
| 5:06 | Create | Villager (Male) |
| 5:42 | Create | Villager (Male) |
| 6:07 | Create | Villager (Male) |
| 6:30 | Build | Settlement |
| 6:31 | Create | Villager (Male) |
| 6:34 | Create | Villager (Male) |
| 8:19 | Research | Feudal Age |
| 9:01 | Build | Outpost |
| 9:50 | Build | Settlement |
| 9:52 | Create | Villager (Male) |
| 10:00 | Research | Loom |
| 10:16 | Build | Outpost |
| 10:23 | Create | Villager (Male) |
| 10:29 | Age | Feudal Age |
| 11:09 | Build | Outpost |
| 11:17 | Build | Outpost |
| 11:36 | Create | Villager (Male) |
| 11:53 | Build | Farm |
| 12:11 | Create | Villager (Male) |
| 12:16 | Build | Market |
| 12:36 | Create | Villager (Male) |
| 13:16 | Build | Blacksmith |
| 13:21 | Create | Villager (Male) |
| 13:48 | Build | Outpost |
| 14:04 | Build | Outpost |
| 14:07 | Research | Castle Age |
| 14:08 | Create | Villager (Male) |
| 14:33 | Research | Double-Bit Axe |
| 15:43 | Build | Outpost |
| 15:47 | Build | Outpost |
| 15:53 | Build | Outpost |
| 15:57 | Build | Outpost |
| 16:00 | Build | Outpost |
| 16:04 | Build | Outpost |
| 16:22 | Research | Horse Collar |
| 16:47 | Age | Castle Age |
| 17:00 | Research | Town Watch |
| 17:33 | Build | Castle |
| 17:41 | Build | Town Center |
| 17:46 | Create | Villager (Male) |
| 18:16 | Create | Villager (Male) |
| 18:21 | Build | Town Center |
| 18:55 | Build | Siege Workshop |
| 19:18 | Create | Villager (Male) |
| 19:18 | Create | Villager (Male) |
| 19:18 | Create | Villager (Male) |
| 19:18 | Create | Villager (Male) |
| 19:18 | Create | Villager (Male) |
| 19:29 | Create | Villager (Male) |
| 19:45 | Build | Town Center |
| 19:48 | Create | Villager (Male) |
| 19:56 | Create | Villager (Male) |
| 20:01 | Build | Farm |
| 20:02 | Build | Farm |
| 20:02 | Build | Farm |
| 20:02 | Build | Farm |
| 20:04 | Create | Villager (Male) |
| 20:09 | Build | Farm |
| 20:13 | Build | Farm |
| 20:16 | Build | Farm |
| 20:54 | Create | Villager (Male) |
| 20:54 | Create | Villager (Male) |
| 20:54 | Create | Villager (Male) |
| 20:54 | Create | Villager (Male) |
| 20:59 | Build | Farm |
| 21:02 | Build | Farm |
| 21:04 | Create | Villager (Male) |
| 21:17 | Create | Villager (Male) |
| 21:25 | Build | Farm |
| 21:31 | Create | Mangonel |
| 21:41 | Create | Villager (Male) |
| 21:56 | Create | Villager (Male) |
| 22:06 | Create | Kamayuk |
| 22:12 | Build | Farm |
| 22:15 | Build | Farm |
| 22:19 | Build | Farm |
| 22:20 | Create | Villager (Male) |
| 22:35 | Create | Villager (Male) |
| 22:37 | Build | Farm |
| 22:40 | Build | Farm |
| 22:43 | Build | Farm |
| 22:49 | Create | Villager (Male) |
| 22:53 | Build | Farm |
| 22:57 | Build | Farm |
| 23:03 | Create | Villager (Male) |
| 23:13 | Create | Villager (Male) |
| 23:24 | Create | Villager (Male) |
| 23:31 | Create | Villager (Male) |
| 23:38 | Build | Farm |
| 23:39 | Create | Villager (Male) |
| 23:42 | Build | Farm |
| 23:46 | Build | Farm |
| 23:51 | Build | Farm |
| 23:51 | Create | Villager (Male) |
| 23:53 | Build | Farm |
| 23:54 | Create | Villager (Male) |
| 23:59 | Build | Farm |
| 24:01 | Build | Farm |
| 24:10 | Research | Wheelbarrow |
| 24:12 | Create | Villager (Male) |
| 24:16 | Build | Farm |
| 24:23 | Create | Villager (Male) |
| 24:31 | Build | Farm |
| 24:40 | Create | Villager (Male) |
| 24:40 | Create | Villager (Male) |
| 24:42 | Create | Villager (Male) |
| 24:50 | Create | Villager (Male) |
| 25:01 | Create | Villager (Male) |
| 25:17 | Build | Farm |
| 25:18 | Create | Villager (Male) |
| 25:21 | Build | Farm |
| 25:23 | Create | Villager (Male) |
| 25:24 | Create | Villager (Male) |
| 25:24 | Create | Villager (Male) |
| 25:30 | Create | Villager (Male) |
| 25:47 | Create | Villager (Male) |
| 25:51 | Create | Villager (Male) |
| 25:51 | Create | Villager (Male) |
| 25:55 | Create | Villager (Male) |
| 25:56 | Build | Farm |
| 25:58 | Create | Villager (Male) |
| 26:14 | Create | Villager (Male) |
| 26:21 | Create | Villager (Male) |
| 26:25 | Research | Bow Saw |
| 26:27 | Research | Gold Mining |
| 26:30 | Create | Villager (Male) |
| 26:37 | Build | Farm |
| 26:38 | Create | Villager (Male) |
| 26:43 | Build | Farm |
| 26:44 | Create | Villager (Male) |
| 26:48 | Build | Farm |
| 26:48 | Build | Farm |
Build order — BRNSoloMid
First 150 of 457 actions detected
| 0:04 | Build | House |
| 0:06 | Build | House |
| 0:06 | Create | Villager (Male) |
| 0:07 | Create | Villager (Male) |
| 0:07 | Create | Villager (Male) |
| 0:35 | Create | Villager (Male) |
| 2:04 | Build | Lumber Camp |
| 2:08 | Create | Villager (Male) |
| 2:09 | Create | Villager (Male) |
| 2:52 | Create | Villager (Male) |
| 3:11 | Create | Villager (Male) |
| 3:57 | Create | Villager (Male) |
| 4:11 | Create | Villager (Male) |
| 4:28 | Create | Villager (Male) |
| 4:35 | Build | House |
| 4:40 | Create | Villager (Male) |
| 5:17 | Create | Villager (Male) |
| 5:29 | Create | Villager (Male) |
| 5:33 | Create | Villager (Male) |
| 5:33 | Create | Villager (Male) |
| 6:16 | Create | Villager (Male) |
| 6:24 | Build | House |
| 6:59 | Create | Villager (Male) |
| 7:40 | Create | Villager (Male) |
| 7:58 | Build | Mill |
| 8:17 | Create | Villager (Male) |
| 8:19 | Create | Villager (Male) |
| 8:48 | Build | Mining Camp |
| 9:02 | Research | Feudal Age |
| 9:20 | Build | House |
| 10:05 | Build | House |
| 10:07 | Create | Villager (Male) |
| 10:09 | Create | Villager (Male) |
| 10:09 | Create | Villager (Male) |
| 10:19 | Build | Farm |
| 10:20 | Build | Farm |
| 10:23 | Build | Farm |
| 11:05 | Build | Farm |
| 11:06 | Build | Farm |
| 11:32 | Age | Feudal Age |
| 11:52 | Build | Market |
| 12:06 | Build | Blacksmith |
| 12:47 | Research | Castle Age |
| 13:25 | Build | Lumber Camp |
| 13:40 | Build | House |
| 14:05 | Build | Barracks |
| 14:15 | Research | Double-Bit Axe |
| 14:34 | Research | Horse Collar |
| 15:28 | Age | Castle Age |
| 15:34 | Build | Town Center |
| 15:40 | Create | Villager (Male) |
| 15:46 | Research | Bow Saw |
| 16:04 | Create | Villager (Male) |
| 16:19 | Create | Villager (Male) |
| 16:30 | Build | House |
| 16:32 | Build | House |
| 16:35 | Create | Villager (Male) |
| 16:49 | Build | Town Center |
| 16:55 | Create | Villager (Male) |
| 17:02 | Build | Farm |
| 17:05 | Build | Farm |
| 17:08 | Create | Villager (Male) |
| 17:11 | Build | Farm |
| 17:13 | Create | Villager (Male) |
| 17:26 | Build | Farm |
| 17:28 | Create | Villager (Male) |
| 17:37 | Research | Wheelbarrow |
| 17:45 | Build | House |
| 17:47 | Build | House |
| 17:52 | Create | Villager (Male) |
| 17:56 | Build | Farm |
| 18:11 | Build | Farm |
| 18:19 | Build | Farm |
| 18:20 | Build | Farm |
| 18:21 | Create | Villager (Male) |
| 18:22 | Create | Villager (Male) |
| 18:48 | Build | Farm |
| 18:52 | Build | House |
| 19:02 | Build | Town Center |
| 19:08 | Create | Villager (Male) |
| 19:08 | Create | Villager (Male) |
| 19:12 | Build | Farm |
| 19:16 | Build | Farm |
| 19:18 | Create | Villager (Male) |
| 19:19 | Create | Villager (Male) |
| 19:23 | Build | House |
| 19:25 | Build | House |
| 19:27 | Create | Villager (Male) |
| 19:34 | Build | Farm |
| 19:37 | Build | Farm |
| 19:39 | Create | Villager (Male) |
| 19:48 | Build | House |
| 19:50 | Create | Villager (Male) |
| 20:11 | Create | Villager (Male) |
| 20:14 | Create | Villager (Male) |
| 20:20 | Create | Villager (Male) |
| 20:25 | Build | Farm |
| 20:31 | Build | Farm |
| 20:35 | Build | Farm |
| 20:37 | Create | Villager (Male) |
| 20:38 | Create | Villager (Male) |
| 20:47 | Build | House |
| 20:48 | Create | Villager (Male) |
| 20:49 | Create | Villager (Male) |
| 20:51 | Create | Villager (Male) |
| 20:57 | Build | Farm |
| 20:58 | Build | Farm |
| 20:59 | Build | Farm |
| 21:01 | Create | Villager (Male) |
| 21:07 | Create | Villager (Male) |
| 21:18 | Build | Farm |
| 21:19 | Build | Farm |
| 21:20 | Create | Villager (Male) |
| 21:21 | Create | Villager (Male) |
| 21:26 | Build | House |
| 21:27 | Build | House |
| 21:30 | Create | Villager (Male) |
| 21:38 | Build | Mill |
| 21:43 | Create | Villager (Male) |
| 21:44 | Create | Villager (Male) |
| 21:50 | Build | Farm |
| 21:52 | Create | Villager (Male) |
| 21:53 | Create | Villager (Male) |
| 21:56 | Build | Farm |
| 21:59 | Build | Farm |
| 22:03 | Create | Villager (Male) |
| 22:04 | Create | Villager (Male) |
| 22:18 | Build | Farm |
| 22:21 | Build | Farm |
| 22:23 | Create | Villager (Male) |
| 22:23 | Create | Villager (Male) |
| 22:25 | Create | Villager (Male) |
| 22:40 | Build | House |
| 22:41 | Build | House |
| 22:41 | Build | House |
| 22:46 | Create | Villager (Male) |
| 22:47 | Create | Villager (Male) |
| 23:10 | Build | Stable |
| 23:16 | Build | Stable |
| 23:18 | Create | Villager (Male) |
| 23:18 | Create | Villager (Male) |
| 23:20 | Create | Villager (Male) |
| 23:29 | Build | Farm |
| 23:29 | Build | Farm |
| 23:30 | Build | Farm |
| 23:31 | Build | Farm |
| 23:35 | Research | Hand Cart |
| 23:38 | Research | Heavy Plow |
| 23:40 | Create | Villager (Male) |
| 23:41 | Create | Villager (Male) |
Build order — MAMA YAGA
First 150 of 541 actions detected
| 0:01 | Create | Villager (Male) |
| 0:01 | Create | Villager (Male) |
| 0:02 | Create | Villager (Male) |
| 0:02 | Create | Villager (Male) |
| 0:04 | Build | House |
| 0:05 | Build | House |
| 1:29 | Create | Villager (Male) |
| 1:30 | Create | Villager (Male) |
| 1:49 | Build | Lumber Camp |
| 2:02 | Create | Villager (Male) |
| 2:17 | Create | Villager (Male) |
| 2:17 | Create | Villager (Male) |
| 2:53 | Create | Villager (Male) |
| 2:53 | Create | Villager (Male) |
| 3:03 | Create | Villager (Male) |
| 3:04 | Create | Villager (Male) |
| 3:26 | Build | Mill |
| 3:51 | Build | House |
| 3:53 | Build | House |
| 4:03 | Create | Villager (Male) |
| 4:03 | Create | Villager (Male) |
| 4:03 | Create | Villager (Male) |
| 4:10 | Build | House |
| 4:36 | Create | Villager (Male) |
| 4:37 | Create | Villager (Male) |
| 5:15 | Create | Villager (Male) |
| 5:15 | Create | Villager (Male) |
| 5:32 | Create | Villager (Male) |
| 5:43 | Create | Villager (Male) |
| 5:45 | Create | Villager (Male) |
| 6:08 | Create | Villager (Male) |
| 6:08 | Create | Villager (Male) |
| 6:49 | Create | Villager (Male) |
| 7:00 | Create | Villager (Male) |
| 7:07 | Create | Villager (Male) |
| 7:07 | Create | Villager (Male) |
| 7:07 | Create | Villager (Male) |
| 7:16 | Create | Villager (Male) |
| 7:27 | Create | Villager (Male) |
| 7:38 | Create | Villager (Male) |
| 7:48 | Build | House |
| 7:54 | Build | House |
| 8:20 | Create | Villager (Male) |
| 8:25 | Create | Villager (Male) |
| 8:47 | Create | Villager (Male) |
| 9:07 | Build | Mining Camp |
| 9:31 | Research | Feudal Age |
| 9:32 | Create | Villager (Male) |
| 9:34 | Build | Farm |
| 9:37 | Build | Farm |
| 10:29 | Create | Villager (Male) |
| 11:08 | Build | Farm |
| 12:03 | Age | Feudal Age |
| 12:08 | Build | Market |
| 12:12 | Build | Blacksmith |
| 12:24 | Build | Mining Camp |
| 12:29 | Create | Villager (Male) |
| 12:50 | Research | Horse Collar |
| 13:02 | Research | Castle Age |
| 13:03 | Research | Castle Age |
| 13:04 | Create | Villager (Male) |
| 13:07 | Build | House |
| 13:13 | Build | House |
| 13:14 | Build | House |
| 13:44 | Build | Farm |
| 13:51 | Build | Farm |
| 13:56 | Build | Farm |
| 14:00 | Create | Villager (Male) |
| 14:51 | Build | House |
| 14:51 | Build | House |
| 14:52 | Build | House |
| 15:18 | Research | Wheelbarrow |
| 15:22 | Create | Villager (Male) |
| 15:37 | Build | Farm |
| 15:41 | Build | Farm |
| 15:58 | Age | Castle Age |
| 16:01 | Build | Monastery |
| 16:07 | Build | Town Center |
| 16:14 | Build | Town Center |
| 16:19 | Create | Villager (Male) |
| 16:20 | Create | Villager (Male) |
| 16:24 | Build | House |
| 16:25 | Build | House |
| 16:26 | Build | House |
| 16:27 | Create | Villager (Male) |
| 16:34 | Research | Wheelbarrow |
| 16:49 | Research | Heavy Plow |
| 16:50 | Research | Heavy Plow |
| 17:02 | Create | Monk |
| 17:24 | Create | Villager (Male) |
| 17:24 | Create | Villager (Male) |
| 17:49 | Build | House |
| 17:50 | Build | House |
| 17:51 | Build | House |
| 17:53 | Create | Villager (Male) |
| 18:14 | Create | Villager (Male) |
| 18:14 | Create | Villager (Male) |
| 18:19 | Create | Villager (Male) |
| 18:20 | Create | Villager (Male) |
| 18:20 | Create | Villager (Male) |
| 18:20 | Create | Villager (Male) |
| 18:22 | Build | Farm |
| 18:22 | Build | Farm |
| 18:23 | Build | Farm |
| 18:26 | Build | Farm |
| 18:27 | Build | Farm |
| 18:29 | Create | Villager (Male) |
| 18:29 | Create | Villager (Male) |
| 18:36 | Build | House |
| 18:39 | Build | House |
| 18:57 | Create | Villager (Male) |
| 18:57 | Create | Villager (Male) |
| 19:09 | Build | Farm |
| 19:09 | Build | Farm |
| 19:11 | Create | Villager (Male) |
| 19:27 | Create | Villager (Male) |
| 19:27 | Create | Villager (Male) |
| 19:39 | Create | Villager (Male) |
| 19:42 | Build | Farm |
| 19:43 | Build | Farm |
| 19:46 | Build | Farm |
| 19:47 | Build | Farm |
| 19:47 | Build | Farm |
| 19:47 | Build | Farm |
| 19:53 | Build | Farm |
| 19:53 | Build | Farm |
| 19:54 | Build | Farm |
| 19:56 | Create | Villager (Male) |
| 19:56 | Create | Villager (Male) |
| 20:06 | Create | Villager (Male) |
| 20:07 | Create | Villager (Male) |
| 20:12 | Create | Villager (Male) |
| 20:12 | Create | Villager (Male) |
| 20:12 | Create | Villager (Male) |
| 20:17 | Create | Villager (Male) |
| 20:30 | Create | Villager (Male) |
| 20:30 | Create | Villager (Male) |
| 20:48 | Build | Town Center |
| 20:48 | Create | Villager (Male) |
| 20:58 | Create | Villager (Male) |
| 20:58 | Create | Villager (Male) |
| 20:58 | Create | Villager (Male) |
| 20:59 | Create | Villager (Male) |
| 21:01 | Create | Villager (Male) |
| 21:01 | Create | Villager (Male) |
| 21:02 | Create | Villager (Male) |
| 21:07 | Build | Farm |
| 21:09 | Build | Farm |
| 21:10 | Create | Villager (Male) |
| 21:17 | Build | Farm |
Build order — Phill Forest
First 150 of 275 actions detected
| 0:06 | Create | Villager (Male) ×4 |
| 0:07 | Build | House |
| 0:10 | Build | House |
| 1:39 | Create | Villager (Male) |
| 1:58 | Build | Lumber Camp |
| 2:31 | Create | Villager (Male) |
| 3:43 | Create | Villager (Male) |
| 3:43 | Create | Villager (Male) |
| 3:43 | Create | Villager (Male) |
| 4:29 | Create | Villager (Male) |
| 4:43 | Build | House |
| 4:44 | Build | House |
| 5:03 | Create | Villager (Male) |
| 6:01 | Create | Villager (Male) |
| 6:01 | Create | Villager (Male) |
| 6:22 | Create | Villager (Male) |
| 6:48 | Create | Villager (Male) |
| 6:56 | Build | Mill |
| 7:12 | Create | Villager (Male) |
| 7:16 | Create | Villager (Male) |
| 7:18 | Create | Villager (Male) |
| 7:18 | Create | Villager (Male) |
| 7:19 | Create | Villager (Male) |
| 7:19 | Create | Villager (Male) |
| 7:20 | Create | Villager (Male) |
| 9:18 | Build | House |
| 9:20 | Build | House |
| 10:12 | Build | Mining Camp |
| 10:17 | Research | Feudal Age |
| 10:51 | Create | Villager (Male) |
| 11:31 | Build | Farm |
| 11:32 | Build | Farm |
| 11:38 | Build | Farm |
| 12:21 | Build | Mining Camp |
| 12:39 | Create | Villager (Male) |
| 12:46 | Age | Feudal Age |
| 12:50 | Build | Market |
| 12:56 | Build | Blacksmith |
| 13:00 | Build | House |
| 13:18 | Build | Farm |
| 13:42 | Build | Farm |
| 13:43 | Research | Castle Age |
| 13:45 | Research | Double-Bit Axe |
| 13:59 | Research | Horse Collar |
| 14:25 | Create | Villager (Male) |
| 16:23 | Age | Castle Age |
| 16:36 | Build | Castle |
| 16:51 | Build | Farm |
| 16:51 | Build | Farm |
| 16:52 | Build | Farm |
| 16:56 | Build | Farm |
| 16:57 | Create | Villager (Male) |
| 17:28 | Build | Farm |
| 17:31 | Create | Villager (Male) |
| 17:31 | Create | Villager (Male) |
| 17:40 | Build | Town Center |
| 17:54 | Create | Villager (Male) |
| 17:59 | Build | Farm |
| 18:41 | Create | Villager (Male) |
| 18:48 | Build | Farm |
| 19:01 | Create | Villager (Male) |
| 19:07 | Build | Farm |
| 19:09 | Research | Bow Saw |
| 19:17 | Create | Villager (Male) ×5 |
| 19:22 | Build | Farm |
| 19:52 | Build | Barracks |
| 20:15 | Build | Monastery |
| 20:23 | Create | Villager (Male) |
| 20:37 | Build | Farm |
| 20:42 | Create | Monk |
| 20:53 | Research | Fervor |
| 21:06 | Build | Stable |
| 21:12 | Build | Farm |
| 21:14 | Create | Villager (Male) ×5 |
| 21:14 | Create | Villager (Male) ×5 |
| 22:07 | Build | House |
| 22:12 | Build | Palisade Gate |
| 22:16 | Build | Palisade Wall |
| 22:25 | Build | Stone Wall |
| 22:29 | Build | House |
| 23:12 | Create | Villager (Male) ×5 |
| 23:22 | Build | Stone Wall |
| 24:05 | Build | Archery Range |
| 24:08 | Build | Archery Range |
| 24:18 | Create | Villager (Male) ×5 |
| 24:59 | Build | Farm |
| 24:59 | Build | Farm |
| 24:59 | Build | Farm |
| 25:00 | Build | Farm |
| 25:00 | Build | Farm |
| 25:00 | Build | Farm |
| 25:05 | Build | Farm |
| 25:09 | Research | Elite Skirmisher (upgrade) |
| 25:10 | Create | Skirmisher ×5 |
| 25:20 | Build | Farm |
| 25:42 | Create | Villager (Male) ×3 |
| 25:46 | Build | Town Center |
| 25:52 | Create | Skirmisher |
| 25:52 | Create | Skirmisher |
| 26:12 | Create | Skirmisher |
| 26:12 | Create | Skirmisher |
| 26:13 | Create | Skirmisher |
| 26:20 | Build | Farm |
| 26:21 | Build | Farm |
| 26:21 | Build | Farm |
| 26:21 | Build | Farm |
| 26:21 | Build | Farm |
| 26:22 | Build | Farm |
| 26:22 | Build | Farm |
| 26:22 | Build | Farm |
| 26:23 | Build | Farm |
| 26:36 | Build | Gate |
| 26:39 | Build | Stone Wall |
| 26:48 | Build | Farm |
| 26:54 | Create | Skirmisher |
| 26:55 | Create | Skirmisher |
| 26:59 | Build | Archery Range |
| 27:11 | Research | Fletching |
| 27:11 | Research | Padded Archer Armor |
| 27:41 | Research | Padded Archer Armor |
| 28:08 | Create | Villager (Male) ×3 |
| 28:12 | Build | House |
| 28:13 | Build | House |
| 28:14 | Build | House |
| 28:15 | Build | House |
| 28:39 | Create | Villager (Male) ×2 |
| 28:52 | Build | Farm |
| 28:52 | Build | Farm |
| 28:53 | Build | Farm |
| 28:53 | Build | Farm |
| 29:03 | Build | Farm |
| 29:03 | Build | Farm |
| 29:04 | Build | Farm |
| 29:04 | Build | Farm |
| 29:04 | Build | Farm |
| 29:04 | Build | Farm |
| 29:05 | Build | Farm |
| 29:06 | Research | Loom |
| 29:11 | Build | Farm |
| 29:12 | Build | Farm |
| 29:16 | Create | Villager (Male) ×2 |
| 29:21 | Create | Villager (Male) ×5 |
| 29:47 | Build | Mill |
| 29:48 | Build | Farm |
| 29:49 | Build | Farm |
| 29:50 | Build | Farm |
| 30:02 | Build | House |
| 30:03 | Build | House |
| 30:04 | Build | House |
| 30:05 | Build | House |
Build order — willms
First 150 of 367 actions detected
| 0:01 | Create | Villager (Male) |
| 0:01 | Create | Villager (Male) |
| 0:02 | Create | Villager (Male) |
| 0:04 | Build | House |
| 0:07 | Build | House |
| 0:10 | Build | House |
| 0:16 | Create | Villager (Male) |
| 1:35 | Create | Villager (Male) |
| 1:51 | Build | Lumber Camp |
| 2:31 | Create | Villager (Male) |
| 2:56 | Create | Villager (Male) |
| 3:34 | Create | Villager (Male) |
| 3:54 | Create | Villager (Male) |
| 4:21 | Create | Villager (Male) |
| 4:21 | Create | Villager (Male) |
| 4:35 | Create | Villager (Male) |
| 5:01 | Create | Villager (Male) |
| 5:27 | Build | Mill |
| 6:11 | Create | Villager (Male) |
| 6:11 | Create | Villager (Male) |
| 6:19 | Create | Villager (Male) |
| 6:22 | Create | Villager (Male) |
| 7:09 | Create | Villager (Male) |
| 7:10 | Create | Villager (Male) |
| 7:31 | Create | Villager (Male) |
| 7:49 | Create | Villager (Male) |
| 7:49 | Create | Villager (Male) |
| 8:10 | Create | Villager (Male) |
| 8:10 | Create | Villager (Male) |
| 8:15 | Create | Villager (Male) |
| 8:22 | Build | Farm |
| 8:24 | Create | Villager (Male) |
| 8:24 | Create | Villager (Male) |
| 8:44 | Build | Farm |
| 8:49 | Create | Villager (Male) |
| 8:57 | Build | House |
| 9:00 | Create | Villager (Male) |
| 9:04 | Create | Villager (Male) |
| 9:17 | Build | Farm |
| 9:57 | Create | Villager (Male) |
| 9:57 | Create | Villager (Male) |
| 10:03 | Build | Mining Camp |
| 10:08 | Research | Feudal Age |
| 10:27 | Create | Villager (Male) |
| 10:28 | Create | Villager (Male) |
| 11:46 | Create | Villager (Male) |
| 11:46 | Create | Villager (Male) |
| 12:30 | Build | House |
| 12:31 | Age | Feudal Age |
| 12:33 | Build | Market |
| 12:35 | Build | Blacksmith |
| 13:06 | Build | House |
| 13:14 | Build | House |
| 13:21 | Create | Villager (Male) |
| 13:21 | Create | Villager (Male) |
| 13:34 | Build | Mining Camp |
| 13:45 | Research | Castle Age |
| 13:51 | Build | House |
| 13:53 | Build | House |
| 13:54 | Create | Villager (Male) |
| 13:57 | Create | Villager (Male) |
| 14:06 | Build | Farm |
| 14:07 | Build | Farm |
| 14:07 | Build | Farm |
| 14:20 | Research | Double-Bit Axe |
| 14:30 | Research | Horse Collar |
| 14:57 | Create | Villager (Male) |
| 14:57 | Create | Villager (Male) |
| 15:01 | Build | House |
| 15:02 | Create | Villager (Male) |
| 15:22 | Build | Mill |
| 15:26 | Create | Villager (Male) |
| 15:41 | Build | House |
| 15:42 | Build | House |
| 16:05 | Build | Farm |
| 16:13 | Build | Farm |
| 16:26 | Age | Castle Age |
| 16:37 | Research | Bow Saw |
| 16:51 | Build | Lumber Camp |
| 16:53 | Create | Villager (Male) |
| 17:19 | Build | Farm |
| 17:21 | Create | Villager (Male) |
| 17:21 | Create | Villager (Male) |
| 17:44 | Research | Heavy Plow |
| 18:02 | Build | Town Center |
| 18:18 | Build | Farm |
| 18:20 | Create | Villager (Male) |
| 18:33 | Build | Farm |
| 18:38 | Build | Farm |
| 18:40 | Build | Farm |
| 18:41 | Create | Villager (Male) |
| 18:41 | Create | Villager (Male) |
| 18:47 | Research | Wheelbarrow |
| 18:56 | Build | Farm |
| 19:03 | Build | Farm |
| 19:04 | Create | Villager (Male) |
| 19:04 | Create | Villager (Male) |
| 19:09 | Create | Villager (Male) |
| 19:33 | Build | Farm |
| 19:54 | Build | Town Center |
| 19:56 | Create | Villager (Male) |
| 20:01 | Build | Farm |
| 20:09 | Build | Farm |
| 20:16 | Create | Villager (Male) |
| 20:16 | Create | Villager (Male) |
| 20:25 | Create | Villager (Male) |
| 20:34 | Create | Villager (Male) |
| 20:34 | Create | Villager (Male) |
| 20:51 | Build | Mill |
| 20:54 | Create | Villager (Male) |
| 20:58 | Create | Villager (Male) |
| 21:01 | Create | Villager (Male) |
| 21:01 | Create | Villager (Male) |
| 21:14 | Build | Siege Workshop |
| 21:22 | Build | Siege Workshop |
| 21:52 | Build | Farm |
| 21:56 | Build | Farm |
| 22:02 | Build | Farm |
| 22:09 | Build | Lumber Camp |
| 22:10 | Create | Villager (Male) |
| 22:10 | Create | Villager (Male) |
| 22:19 | Build | Barracks |
| 22:23 | Create | Villager (Male) |
| 22:23 | Create | Villager (Male) |
| 22:43 | Build | Farm |
| 22:43 | Build | Farm |
| 22:43 | Build | Farm |
| 22:54 | Create | Villager (Male) |
| 22:55 | Create | Villager (Male) |
| 22:55 | Create | Villager (Male) |
| 22:56 | Create | Villager (Male) |
| 22:59 | Create | Villager (Male) |
| 22:59 | Create | Villager (Male) |
| 23:10 | Create | Villager (Male) |
| 23:11 | Create | Villager (Male) |
| 23:16 | Create | Villager (Male) |
| 23:27 | Build | Mining Camp |
| 23:32 | Create | Villager (Male) |
| 23:32 | Create | Villager (Male) |
| 23:43 | Research | Hand Cart |
| 23:45 | Create | Villager (Male) |
| 23:45 | Create | Villager (Male) |
| 23:53 | Build | Stable |
| 24:10 | Build | Farm |
| 24:10 | Build | Farm |
| 24:23 | Build | Farm |
| 24:30 | Build | Farm |
| 24:44 | Build | Farm |
| 24:49 | Create | Villager (Male) |
| 24:49 | Create | Villager (Male) |
Match timeline
| 10:29 | O Boêmio · age_up feudal |
| 10:56 | AXEL2904 · age_up feudal |
| 11:02 | Transplante de Pentelho · age_up feudal |
| 11:32 | BRNSoloMid · age_up feudal |
| 12:03 | MAMA YAGA · age_up feudal |
| 12:08 | Harmonizado · age_up feudal |
| 12:31 | willms · age_up feudal |
| 12:46 | Phill Forest · age_up feudal |
| 13:11 | O Boêmio · first_market_buy 100 wood |
| 13:43 | willms · first_market_sell 100 stone |
| 14:05 | BRNSoloMid · first_building Barracks |
| 14:32 | AXEL2904 · age_up castle |
| 14:56 | AXEL2904 · first_building Siege Workshop |
| 15:08 | AXEL2904 · first_building Castle |
| 15:22 | Transplante de Pentelho · age_up castle |
| 15:28 | BRNSoloMid · age_up castle |
| 15:49 | Harmonizado · age_up castle |
| 15:55 | Harmonizado · first_building Monastery |
| 15:58 | MAMA YAGA · age_up castle |
| 16:01 | MAMA YAGA · first_building Monastery |
| 16:13 | AXEL2904 · first_building Monastery |
| 16:23 | Phill Forest · age_up castle |
| 16:26 | willms · age_up castle |
| 16:36 | Phill Forest · first_building Castle |
| 16:44 | BRNSoloMid · first_market_buy 100 wood |
| 16:47 | O Boêmio · age_up castle |
| 17:33 | O Boêmio · first_building Castle |
| 17:36 | Phill Forest · first_market_buy 100 stone |
| 17:51 | willms · first_market_buy 100 wood |
| 18:18 | MAMA YAGA · first_market_buy 100 food |
| 18:55 | O Boêmio · first_building Siege Workshop |
| 19:52 | Phill Forest · first_building Barracks |
| 20:15 | Phill Forest · first_building Monastery |
| 20:52 | O Boêmio · first_market_sell 100 stone |
| 21:06 | Phill Forest · first_building Stable |
| 21:14 | willms · first_building Siege Workshop |
| 22:16 | Phill Forest · wall_segment Palisade Wall x1 |
| 22:19 | willms · first_building Barracks |
| 22:25 | Phill Forest · wall_segment Stone Wall x3 |
| 22:49 | Harmonizado · first_building Siege Workshop |
| 23:09 | Transplante de Pentelho · first_building Castle |
| 23:10 | BRNSoloMid · first_building Stable |
| 23:22 | Phill Forest · wall_segment Stone Wall x1 |
| 23:35 | Transplante de Pentelho · wall_segment Stone Wall x2 |
| 23:41 | Transplante de Pentelho · wall_segment Stone Wall x10 |
| 23:53 | willms · first_building Stable |
| 24:05 | Phill Forest · first_building Archery Range |
| 25:20 | BRNSoloMid · first_building Monastery |
| 25:21 | Harmonizado · first_building Barracks |
| 25:51 | MAMA YAGA · first_building Barracks |
| 26:28 | AXEL2904 · first_market_buy 100 wood |
| 26:36 | Transplante de Pentelho · first_building Siege Workshop |
| 26:39 | Phill Forest · wall_segment Stone Wall x2 |
| 27:08 | MAMA YAGA · first_building Stable |
| 27:29 | willms · first_building Castle |
| 27:51 | Transplante de Pentelho · first_market_buy 100 wood |
| 28:08 | O Boêmio · first_building Barracks |
| 28:41 | Harmonizado · first_building Archery Range |
| 29:09 | Transplante de Pentelho · first_market_sell 500 food |
| 29:15 | MAMA YAGA · first_building Castle |
| 29:23 | willms · age_up imperial |
| 29:28 | Transplante de Pentelho · age_up imperial |
| 29:28 | BRNSoloMid · age_up imperial |
| 29:56 | MAMA YAGA · first_building Siege Workshop |
| 29:56 | BRNSoloMid · first_building Archery Range |
| 30:26 | Harmonizado · age_up imperial |
| 30:43 | O Boêmio · first_building Archery Range |
| 30:53 | Harmonizado · first_building Castle |
| 31:13 | MAMA YAGA · age_up imperial |
| 31:57 | AXEL2904 · first_building Barracks |
| 32:49 | AXEL2904 · first_building Stable |
| 32:50 | O Boêmio · age_up imperial |
| 33:16 | Transplante de Pentelho · wall_segment Stone Wall x2 |
| 33:17 | Transplante de Pentelho · wall_segment Stone Wall x3 |
| 33:38 | AXEL2904 · age_up imperial |
| 33:56 | MAMA YAGA · first_market_sell 100 wood |
| 34:09 | BRNSoloMid · first_building Castle |
| 35:22 | willms · first_building Archery Range |
| 35:56 | Phill Forest · age_up imperial |
| 37:16 | AXEL2904 · first_market_sell 500 wood |
| 38:48 | Transplante de Pentelho · first_building Stable |
| 41:22 | Phill Forest · wall_segment Stone Wall x7 |
| 41:35 | Phill Forest · first_market_sell 500 wood |
| 41:49 | Phill Forest · wall_segment Stone Wall x7 |
| 42:17 | Phill Forest · wall_segment Stone Wall x3 |
| 44:29 | Transplante de Pentelho · resign |
| 45:35 | MAMA YAGA · tribute_sent a jugador 1 |
| 45:35 | MAMA YAGA · tribute_sent a jugador 2 |
| 45:35 | MAMA YAGA · tribute_sent a jugador 3 |
| 45:35 | MAMA YAGA · tribute_sent a jugador 4 |
| 45:35 | MAMA YAGA · tribute_sent a jugador 6 |
| 45:35 | MAMA YAGA · tribute_sent a jugador 7 |
| 45:35 | MAMA YAGA · tribute_sent a jugador 8 |
| 45:55 | BRNSoloMid · first_building Siege Workshop |
[ AI ANALYSIS · 1 CREDIT ]
What really happened in this match?
Wolo.gg analyzes every decision: build order, eco, micro, common mistakes by bracket. Personalized analysis on WhatsApp or Discord in 30 seconds.
Civ guide
Byzantines
Map guide
Arena
Perfil
Harmonizado